AoeStats
← JIJINz

Arena

508860242Analyzed
4v4 RM · 9d ago on Sep 24, 2026· 39m 29s· 8 players
Game mode
Random Map
Map size
Large (8 player)
Population
200
Speed
Normal
Resources
Standard
Victory
Conquest
Starting age
Dark Age
Ending age
Imperial Age
RankedLock teamsTeams togetherTeam positionsShared explorationLock speedFull tech treeHidden civsTurbo modeCheats
Victory
Defeat
🇯🇵 Khmer · Japan
1550
+14
🇭🇰 Britons · Hong Kong SAR China
1539
+15
🇹🇼 Celts · Taiwan
1443
+19
🇨🇳 Ethiopians · China
1406
+20
🇨🇳 Saxons · China
1598
-21
🇭🇰 Danes · Hong Kong SAR China
1527
-18
🇨🇳 Magyars · China
1508
-17
🇺🇸 Varangians · United States
1380
-12
JINJIN
10:11 Feudal Age
8:58 Loom
13:59 Castle Age
12:13 Double-Bit Axe
13:07 Gold Mining
19:57 Ballistics
23:50 Stone Mining
24:08 Horse Collar
26:38 Wheelbarrow
28:09 Bow Saw
29:36 Heavy Plow
36:03 Imperial Age
33:52 Hand Cart
34:14 Gold Shaft Mining
34:48 Pikeman
36:13 Onager
37:11 Furor Celtica
37:02 Halberdier
40:00 Siege Engineers
JIJINz
10:04 Feudal Age
13:56 Castle Age
12:42 Double-Bit Axe
12:40 Horse Collar
14:59 Bow Saw
23:07 Fervor
23:46 Wheelbarrow
28:33 Imperial Age
26:43 Hand Cart
26:14 Loom
26:52 Husbandry
27:02 Bloodlines
27:53 Forging
27:49 Scale Barding Armor
27:50 Heavy Plow
27:41 Gold Mining
27:41 Stone Mining
27:45 Light Cavalry
28:49 Town Watch
29:51 Iron Casting
30:10 Chain Barding Armor
29:13 Elite Battle Elephant
30:52 Tusk Swords
31:17 Conscription
32:30 Plate Barding Armor
31:50 Hussar
33:58 Blast Furnace
34:17 Fletching
36:05 Devotion
38:09 Caravan
38:40 Coinage
38:23 Bodkin Arrow
38:21 Capped Ram
39:18 Siege Ram
_
10:38 Feudal Age
11:52 Double-Bit Axe
14:34 Castle Age
12:25 Horse Collar
15:42 Bow Saw
18:53 Wheelbarrow
19:44 Heavy Plow
19:43 Stone Mining
20:35 Gold Mining
22:28 Gold Shaft Mining
28:14 Imperial Age
25:54 Fletching
26:53 Hand Cart
27:32 Ballistics
27:09 Bodkin Arrow
28:42 Padded Archer Armor
28:56 Masonry
29:14 Siege Engineers
29:33 Bracer
31:06 Chemistry
32:19 Two-Man Saw
31:51 Leather Archer Armor
31:57 Squires
32:45 Conscription
31:46 Elite Longbowman
32:36 Loom
34:27 Warwolf
35:27 Ring Archer Armor
36:37 Scale Mail Armor
hcy
10:09 Feudal Age
12:01 Double-Bit Axe
14:57 Castle Age
20:17 Loom
28:15 Imperial Age
26:37 Bow Saw
26:26 Gold Mining
27:50 Gold Shaft Mining
27:48 Ballistics
29:09 Town Watch
29:27 Scale Mail Armor
29:37 Forging
29:23 Heavy Scorpion
30:16 Stone Mining
31:12 Conscription
31:09 Squires
32:25 Chain Mail Armor
33:09 Fortified Wall
33:42 Siege Engineers
36:11 Chemistry
37:18 Fletching
Morningstar
11:46 Feudal Age
12:39 Horse Collar
15:41 Castle Age
13:37 Double-Bit Axe
13:52 Gold Mining
16:35 Bow Saw
17:48 Loom
19:28 Forging
19:12 Town Watch
20:06 Squires
20:40 Scale Mail Armor
26:11 Arson
27:52 Heavy Plow
28:40 Wheelbarrow
28:30 Stone Mining
30:34 Hand Cart
31:08 Stone Shaft Mining
35:05 Imperial Age
32:18 Treadmill Crane
34:00 Husbandry
34:39 Iron Casting
34:41 Scale Barding Armor
34:00 Vendel Legacy
35:16 Masonry
34:57 Fletching
35:21 Bloodlines
35:19 Cavalier
37:08 Blast Furnace
36:34 Chain Barding Armor
36:40 Conscription
38:10 Plate Barding Armor
38:17 Bodkin Arrow
38:54 Architecture
38:46 Ballistics
39:05 Fortified Wall
Sun
9:50 Feudal Age
13:35 Castle Age
11:31 Double-Bit Axe
11:52 Horse Collar
18:41 Bow Saw
21:13 Wheelbarrow
21:07 Loom
23:45 Hand Cart
23:21 Gold Mining
24:57 Town Watch
28:37 Imperial Age
26:27 Scale Mail Armor
27:05 Squires
27:23 Chain Mail Armor
27:21 Pikeman
29:00 Onager
30:13 Plate Mail Armor
29:30 Arson
30:21 Conscription
30:33 Siege Engineers
31:30 Chemistry
30:50 Northmen's Fury
31:18 Siege Onager
32:19 Forging
33:11 Masonry
32:41 Hamask
34:10 Iron Casting
37:39 Blast Furnace
37:43 Ballistics
38:50 Elite Varangian Guard
38:57 Halberdier
教授
10:20 Feudal Age
14:00 Castle Age
12:05 Double-Bit Axe
12:01 Horse Collar
16:08 Bow Saw
20:23 Town Watch
26:16 Imperial Age
25:05 Wheelbarrow
25:20 Loom
26:13 Wheelbarrow
26:02 Treadmill Crane
28:30 Scale Mail Armor
28:42 Forging
29:24 Masonry
29:23 Fletching
32:00 Bodkin Arrow
32:09 Elite Hearth Troop
第一滴血
10:15 Feudal Age
14:16 Castle Age
12:47 Double-Bit Axe
12:43 Horse Collar
15:02 Wheelbarrow
20:45 Loom
26:54 Heavy Plow
28:30 Hand Cart
30:02 Corvinian Army
33:19 Imperial Age
31:45 Corvinian Army
31:35 Gold Mining
31:37 Stone Mining
32:30 Scale Barding Armor
33:48 Chain Barding Armor
33:31 Heavy Cavalry Archer
34:18 Thumb Ring
35:07 Plate Barding Armor
34:25 Fletching
35:16 Conscription
36:15 Recurve Bow
36:13 Bodkin Arrow
36:19 Padded Archer Armor
37:23 Parthian Tactics
37:00 Bracer
38:20 Leather Archer Armor
39:33 Chemistry
39:44 Ring Archer Armor
39:51 Plate Barding Armor
Connection lost

Rejoining the realm…

Still unreachable

The connection could not be restored.

Session expired

The server has moved on; the page needs a fresh start.